 Dungeon Crawl Stone Soup version 0.30.0-3-ga4e48a9924 (console) character file.

Game seed: 2084034914841625343

52320 jejorda2 the Warrior (level 14, -14/112 (129) HPs)
             Began as a Vine Stalker Berserker on May 7, 2023.
             Was a High Priest of Trog.
             Demolished by a vampire knight
             ... wielding the +16 obsidian axe {drain, demonic, Mesm Drain Fly SInv}
              (39 damage)
             ... on level 12 of the Dungeon.
             The game lasted 00:58:11 (13166 turns).

jejorda2 the Warrior (Vine Stalker Berserker)      Turns: 13166, Time: 00:58:11

HP:   -14/112 (129) AC: 30    Str: 22    XL:     14   Next: 63%
MP:   0/5           EV:  3    Int: 18    God:    Trog [*****.]
Gold: 1074          SH:  9    Dex: 13    Spells: 13/13 levels left

rFire   + . .        a - +10 dagger {antimagic, rC+ rCorr Str-4 Int+7}
rCold   + + .        I - +0 kite shield {AC+3}
rNeg    + . .        H - +5 gold dragon scales
rPois   +            r - +0 hat {Will+}
rElec   .            i - +0 cloak
rCorr   +            n - +1 pair of gloves
SInv    +            D - +0 pair of boots
Will    ++++.        h - amulet of faith Stlth
                     P - ring "Gunibaiva" {rPois Int+4 SInv Stlth+}
HPRegen 2.18/turn    E - ring of positive energy
MPRegen 0.09/turn

%: guardian spirit, faith
@: berserking, strong-willed, regenerating, heavily drained, very quick
A: fangs 3, regeneration 1, magic shield, antimagic bite, no potion heal 2
a: Renounce Religion, Berserk, Trog's Hand, Brothers in Arms


You were on level 12 of the Dungeon.
You worshipped Trog.
Trog was extremely pleased with you.
You visited 2 branches of the dungeon, and saw 13 of its levels.
You also visited: Sewer, Bailey, Gauntlet and Ice Cave.

You collected 1665 gold pieces.
You spent 591 gold pieces at shops.

Inventory:

Hand Weapons
 a - the +10 dagger of Cimoz (weapon) {antimagic, rC+ rCorr Str-4 Int+7}
   (You found it on level 2 of the Dungeon)

   Str:       It affects your strength (-4).
   Int:       It affects your intelligence (+7).
   rC:        It protects you from cold.
   rCorr:     It protects you from acid and corrosion.
Missiles
 c - 69 stones
 g - 50 poisoned darts (quivered)
 y - 2 curare-tipped darts
 F - 2 throwing nets
 G - 20 boomerangs
 T - 8 javelins
Armour
 i - a +0 cloak (worn)
 n - a +1 pair of gloves (worn)
 r - a +0 hat of willpower (worn)
 D - a +0 pair of boots (worn)
 H - +5 gold dragon scales (worn)
 I - a +0 kite shield of protection (worn)
Jewellery
 h - an amulet of faith (around neck)
 o - a ring of flight
 q - a +6 ring of strength
 A - a ring of protection from fire
 E - a ring of positive energy (right hand)
 P - the ring "Gunibaiva" (left hand) {rPois Int+4 SInv Stlth+}
   (You found it in a Gauntlet)

   [ring of poison resistance]

   Int:       It affects your intelligence (+4).
   rPois:     It protects you from poison.
   SInv:      It lets you see invisible.
   Stlth:     It makes you more stealthy.
Wands
 k - a wand of flame (65)
 l - a wand of iceblast (13)
 J - a wand of mindburst (11)
 K - a wand of paralysis (23)
 M - a wand of polymorph (7)
 R - a wand of digging (6)
Scrolls
 d - 10 scrolls of teleportation
 f - a scroll of butterflies
 t - 3 scrolls of fear
 v - 2 scrolls of fog
 C - 3 scrolls of immolation
 L - a scroll of blinking
Potions
 b - 8 potions of flight
 e - 5 potions of might
 j - 2 potions of attraction
 m - 6 potions of resistance
 p - 3 potions of magic
 s - a potion of invisibility
 u - 4 potions of haste
 w - 2 potions of berserk rage
 x - 3 potions of curing
 z - 2 potions of mutation
Miscellaneous
 S - a phial of floods


   Skills:
 + Level 15.4 Fighting
 - Level 10.0 Short Blades
 * Level 10.9 Throwing
 - Level 9.0 Armour
 - Level 1.5 Dodging
 - Level 6.1 Shields
 - Level 6.0 Evocations


You had 13 spell levels left.
You didn't know any spells.
Your spell library was empty.

Dungeon Overview and Level Annotations

Branches:
Dungeon (12/15)            Temple (0/1) D:6            Lair (1/5) D:11
    Orc (0/2) D:12          Sewer (visited)          Bailey (visited)
  IceCv (visited)         Gauntlet (visited)

Altars:
Dithmenos
Gozag
Hepliaklqana
Makhleb
Okawaru
Qazlal
Uskayaw
Vehumet
Xom
Yredelemnul
Zin
The Shining One

Shops:
D:4 !   D:5 [?*((   D:10 =!*

Annotations:
D:12 1 transporter, Anyutwal's ghost, journeyman HOFi


Innate Abilities, Weirdness & Mutations

You have razor-sharp teeth.
Your natural rate of healing is unusually fast.
When hurt, damage is shared between your health and your magic reserves.
Your bite disrupts and absorbs the magic of your enemies.
Potions cannot restore your health.


Message History

You hit the vampire knight.
Flame seeps out of the vampire knight.
The vampire knight's magic leaks into the air.
Your bite misses the vampire knight.
The vampire knight is moderately damaged.
You hit the vampire knight but do no damage.
Flame seeps out of the vampire knight.
You bite the vampire knight.
The vampire knight's magic leaks into the air.
You drain its magic.
The vampire knight is moderately damaged.
The vampire knight is engulfed in blazing flames.
Flame seeps out of the vampire knight.
The vampire knight hits you with the +16 obsidian axe {drain, demonic, Mesm Drain Fly SInv}!!
You partially resist.
You feel drained.
The vampire knight bites you but does no damage.
You hit the vampire knight.
Flame seeps out of the vampire knight.
The vampire knight's magic leaks into the air.
Your bite misses the vampire knight.
The vampire knight is heavily damaged.
You hit the vampire knight.
Flame seeps out of the vampire knight.
The vampire knight's magic leaks into the air.
Your bite misses the vampire knight.
The vampire knight is heavily damaged.
The vampire knight is engulfed in blazing flames.
Flame seeps out of the vampire knight.
The vampire knight hits you with the +16 obsidian axe {drain, demonic, Mesm Drain Fly SInv}!!
* * * LOW HITPOINT WARNING * * *
You partially resist.
You feel drained.
* * * LOW HITPOINT WARNING * * *
The vampire knight bites you but does no damage.
You hit the vampire knight.
Flame seeps out of the vampire knight.
The vampire knight's magic leaks into the air.
The vampire knight is severely damaged.
You puncture the vampire knight!
Flame seeps out of the vampire knight.
The vampire knight's magic leaks into the air.
Your bite misses the vampire knight.
The vampire knight is almost destroyed.
You barely miss the vampire knight. Your bite misses the vampire knight.
The vampire knight is almost destroyed.
The vampire knight hits you with the +16 obsidian axe {drain, demonic, Mesm Drain Fly SInv}!!!
You die...

..######..#..........Z#..##..#.##
..##......#...........#........#.
..##......#..###.###..#........#.
..##......#..#8#)#8#..#........##
####......#)..(.......#..........
#.....©#:...ZyzZ...#©...>.....
####......#!...yWyZ...#..........
..........#!.#8#V#8#..#..........
..........#..###@###..#..........
..........#...........#........##
..........#...........#........#
..........#############........##
.................................
...............................##
####).!........................##
# #...........................[.
# #...........................##


You could see a vampire knight (inner flame, magic disrupted), a skeletal
warrior (inner flame), 3 vampire mosquitoes, Anyutwal's ghost (inner flame), a
boggart simulacrum (inner flame) and a centaur warrior simulacrum (inner flame).

Vanquished Creatures
  Gastronok (D:11)
  A frost giant (IceCv)
  A minotaur (Gauntlet)
  A hydra (D:11)
  A centaur warrior (D:9)
  A catoblepas (Lair:1)
  A boulder beetle (D:11)
  7 two-headed ogres
  Urug (D:11)
  11 death yaks
  A soul eater (Gauntlet)
  2 skeletal warriors
  A flayed ghost (D:12)
  2 ugly things
  2 orc knights
  3 cyclopes
  Maurice (D:9)
  A manticore (D:11)
  An ice statue (IceCv)
  A black mamba (Lair:1)
  2 gargoyles
  An unseen horror (D:11)
  A kobold demonologist (D:11)
  4 komodo dragons
  8 trolls
  10 polar bears (IceCv)
  A raiju (Gauntlet)
  Grinder (D:4)
  5 slime creatures (D:12)
  5 wraiths
  2 shadows
  5 wyverns
  A culicivora (shapeshifter) (D:12)
  45 yaks
  The ghost of Brasilia the Vexing, an amateur FeWn (D:4)
  An unseen horror simulacrum (D:9)
  Grum (D:8)
  2 steam dragons
  8 vampire mosquitoes
  Duvessa (D:4)
  3 acid dragons
  A water moccasin (Lair:1)
  The ghost of zlionsfan the Covert, an amateur FeDe of Okawaru (D:5)
  20 orc warriors
  A sky beast (D:7)
  A meliai simulacrum (D:11)
  2 black bears
  16 wolves
  An ogre (D:5)
  3 centaurs
  A phantom (D:7)
  12 kobold brigands
  2 bullfrogs
  A scorpion (D:5)
  A scorpion (shapeshifter) (D:12)
  12 wights
  Dowan (D:4)
  7 killer bees
  4 electric eels (D:12)
  4 howler monkeys
  4 hounds
  5 orc priests
  A gnoll bouda (D:7)
  An iguana (D:5)
  12 orc wizards
  10 gnolls
  16 adders
  A river rat (Sewer)
  3 shadow imps
  A white imp (D:7)
  2 ufetubi
  7 worms
  A dart slug (D:5)
  19 orcs
  14 ball pythons
  5 bats
  10 endoplasms
  6 giant cockroaches
  13 goblins
  7 hobgoblins
  8 jackals
  2 quokkas
  5 frilled lizards
  37 kobolds
  5 rats
435 creatures vanquished.

Vanquished Creatures (collateral kills)
  3 boulder beetles
  A two-headed ogre (D:11)
  2 death yaks (Gauntlet)
  A necromancer (Gauntlet)
  A manticore (D:11)
  A hornet (D:9)
  A wraith (D:11)
  A vampire mosquito (D:9)
  A water moccasin (D:7)
  2 acid dragons (D:9)
  An orc warrior (D:11)
  An ice beast (D:7)
  A wight (D:7)
  An orc priest (D:11)
  2 orc wizards (D:7)
  2 kobolds (D:7)
22 creatures vanquished.

Vanquished Creatures (others)
  An unseen horror (D:11)
  7 plants (D:11)
8 creatures vanquished.

Grand Total: 465 creatures vanquished

Notes
Turn   | Place    | Note
-------+----------+-------------------------------------------
     0 | D:1      | jejorda2 the Vine Stalker Berserker began the quest for the
                  | Orb.
     0 | D:1      | Reached XP level 1. HP: 11/11 MP: 2/2
    90 | D:1      | Reached XP level 2. HP: 11/16 MP: 3/3
   316 | D:1      | Reached skill level 3 in Fighting
   608 | D:1      | Reached XP level 3. HP: 19/20 MP: 2/4
   671 | D:1      | Reached ** piety under Trog
  1253 | D:2      | Gained mutation: Your natural rate of healing is unusually
                  | fast. [Vine Stalker growth]
  1253 | D:2      | Reached XP level 4. HP: 11/24 MP: 5/5
  1286 | D:2      | Identified the +10 dagger of Cimoz {antimagic, rC+ rCorr
                  | Str-4 Int+7}
  1573 | D:2      | Identified the +4 dagger "Earthworm" {flame, rF+ rC+ Dex+2
                  | Stlth-}
  1692 | D:3      | Found a basalt altar of Yredelemnul.
  1709 | D:3      | Reached *** piety under Trog
  1710 | D:3      | Reached XP level 5. HP: 27/28 MP: 2/6
  2310 | D:4      | Found Othratoill's Distillery.
  2331 | D:4      | Found a glowing drain.
  2350 | D:4      | Reached skill level 5 in Short Blades
  2368 | Sewer    | Entered a sewer
  2480 | Sewer    | Reached skill level 4 in Fighting
  2480 | Sewer    | Reached XP level 6. HP: 22/33 MP: 2/7
  2522 | Sewer    | Reached **** piety under Trog
  2872 | Sewer    | Reached XP level 7. HP: 14/38 MP: 1/8
  3118 | D:4      | Reached skill level 5 in Fighting
  3360 | D:4      | Found a runed translucent gate.
  3360 | D:4      | Found a runed translucent gate.
  3360 | D:4      | Found a runed translucent gate.
  3360 | D:4      | Noticed Brasilia's ghost (amateur FeWn)
  3370 | D:4      | Killed Brasilia's ghost
  3417 | D:4      | Found a hide-covered altar of Uskayaw.
  3459 | D:4      | Noticed Dowan
  3459 | D:4      | Noticed Duvessa
  3460 | D:4      | Noticed Grinder
  3475 | D:4      | Killed Grinder
  3476 | D:4      | Gained mutation: You have razor-sharp teeth. [Vine Stalker
                  | growth]
  3476 | D:4      | Reached XP level 8. HP: 44/44 MP: 3/9
  3476 | D:4      | Killed Duvessa
  3486 | D:4      | Killed Dowan
  3681 | D:5      | Entered Level 5 of the Dungeon
  3715 | D:4      | Bought a potion of resistance for 110 gold pieces
  3744 | D:5      | Found Laetexuc's Magic Scroll Shoppe.
  3810 | D:5      | Noticed zlionsfan's ghost (amateur FeDe)
  3812 | D:5      | Found a runed translucent gate.
  3813 | D:5      | Found a runed translucent gate.
  3814 | D:5      | Found a runed translucent gate.
  3838 | D:5      | Found Nypied's Antique Weapon Shop.
  3987 | D:5      | Found Zytuw's Assorted Antiques.
  3992 | D:5      | Bought a scroll labelled ISOPSI YLUIRA for 30 gold pieces
  3992 | D:5      | Bought a scroll labelled BAFE JATTIUN for 30 gold pieces
  4004 | D:5      | Found Wusseoq's Weapon Boutique.
  4318 | D:5      | Found a faded altar of an unknown god.
  4318 | D:5      | Found a glowing golden altar of the Shining One.
  4326 | D:5      | Found a hazy altar of Hepliaklqana.
  4328 | D:5      | Found a faded altar of an unknown god.
  4330 | D:5      | Found a radiant altar of Vehumet.
  4366 | D:5      | Found Hyalinyc's Antique Armour Shoppe.
  4406 | D:5      | Reached skill level 6 in Fighting
  4409 | D:5      | Killed zlionsfan's ghost
  4421 | D:5      | Reached XP level 9. HP: 23/49 MP: 1/10
  4651 | D:6      | Reached ***** piety under Trog
  4659 | D:6      | Found a staircase to the Ecumenical Temple.
  4893 | D:7      | Received a gift from Trog
  4937 | D:7      | Reached skill level 7 in Fighting
  4982 | D:7      | Reached skill level 10 in Short Blades
  5000 | D:7      | Reached skill level 1 in Evocations
  5033 | D:7      | Found a shadowy altar of Dithmenos.
  5049 | D:7      | Found a flagged portal.
  5082 | Bailey   | Entered a bailey
  5144 | Bailey   | Reached XP level 10. HP: 32/56 MP: 3/11
  5210 | Bailey   | Reached skill level 8 in Fighting
  5308 | Bailey   | Identified the +1 scale mail of the Several Places {SInv}
  5310 | Bailey   | Noticed an orc knight
  5361 | Bailey   | Killed an orc knight
  5362 | Bailey   | Reached skill level 1 in Shields
  5596 | D:4      | Bought a potion of mutation for 88 gold pieces
  5962 | D:7      | Identified the +1 robe "Rumu" {rCorr MP-9 Str+5 SInv}
  6131 | D:5      | Bought a scroll of enchant armour for 105 gold pieces
  6230 | D:8      | Noticed Grum
  6236 | D:8      | Killed Grum
  6320 | D:5      | Bought a warped chain mail for 228 gold pieces
  6320 | D:5      | Identified the +1 chain mail of the Gardener {Str+3 Dex+5}
                  | (You bought it in a shop on level 5 of the Dungeon)
  7061 | D:9      | Noticed a cyclops
  7079 | D:9      | Killed a cyclops
  7119 | D:9      | Noticed a centaur warrior
  7131 | D:9      | Reached skill level 9 in Fighting
  7142 | D:9      | Killed a centaur warrior
  7143 | D:9      | Reached skill level 5 in Evocations
  7143 | D:9      | Reached XP level 11. HP: 62/62 MP: 2/12
  7145 | D:9      | Reached skill level 5 in Armour
  7166 | D:9      | Found an iron altar of Okawaru.
  7359 | D:9      | Reached skill level 5 in Shields
  7493 | D:9      | Noticed Maurice
  7510 | D:9      | Killed Maurice
  7593 | D:9      | Found a burning altar of Makhleb.
  7805 | D:9      | Noticed a two-headed ogre
  7824 | D:9      | Killed a two-headed ogre
  7940 | D:10     | Entered Level 10 of the Dungeon
  8040 | D:10     | Found Zutewol's Assorted Antiques.
  8041 | D:10     | Found Nuhamo's Distillery.
  8109 | D:10     | Reached skill level 1 in Throwing
  8176 | D:10     | Reached XP level 12. HP: 60/66 MP: 3/13
  8300 | D:10     | Noticed a two-headed ogre
  8306 | D:10     | Killed a two-headed ogre
  8399 | D:10     | Found Kuxzuk Ote's Jewellery Shoppe.
  8602 | D:10     | Received a gift from Trog
  8616 | D:10     | Found a stormy altar of Qazlal.
  8649 | D:10     | Found a glowing silver altar of Zin.
  8649 | D:10     | Found an opulent altar of Gozag.
  9236 | D:11     | Noticed a boulder beetle
  9257 | D:11     | Killed a boulder beetle
  9263 | D:11     | Noticed a two-headed ogre
  9266 | D:11     | Killed a two-headed ogre
  9281 | D:11     | Reached skill level 10 in Fighting
  9297 | D:11     | Noticed a two-headed ogre
  9299 | D:11     | Noticed a two-headed ogre
  9304 | D:11     | Killed a two-headed ogre
  9306 | D:11     | Killed a two-headed ogre
  9315 | D:11     | Found a gate leading to a gauntlet.
  9317 | D:11     | Noticed Urug
  9321 | Gauntlet | Entered a Gauntlet
  9321 | Gauntlet | Found a transporter.
  9341 | Gauntlet | Found a transporter.
  9343 | Gauntlet | Found a transporter.
  9350 | Gauntlet | Noticed a soul eater
  9354 | Gauntlet | Found a transporter.
  9357 | Gauntlet | Found a transporter.
  9361 | Gauntlet | Noticed a death yak
  9361 | Gauntlet | Noticed a death yak
  9361 | Gauntlet | Noticed a death yak
  9362 | Gauntlet | Noticed a death yak
  9367 | Gauntlet | Found a transporter.
  9381 | Gauntlet | Noticed a death yak
  9384 | Gauntlet | Found a transporter.
  9395 | Gauntlet | Found a transporter.
  9404 | Gauntlet | Noticed a dire elephant
  9405 | Gauntlet | Found a transporter.
  9417 | Gauntlet | Found a transporter.
  9417 | Gauntlet | Found a transporter.
  9444 | Gauntlet | Found a transporter.
  9444 | Gauntlet | Found a transporter.
  9497 | Gauntlet | Found a transporter.
  9680 | Gauntlet | Killed a soul eater
  9683 | Gauntlet | Identified the ring "Gunibaiva" {rPois Int+4 SInv Stlth+}
  9702 | Gauntlet | Killed a death yak
  9707 | Gauntlet | Killed a death yak
  9708 | Gauntlet | Reached skill level 5 in Throwing
  9718 | Gauntlet | Killed a death yak
  9728 | Gauntlet | Killed a death yak
  9729 | Gauntlet | Killed a death yak
  9784 | Gauntlet | Identified the amulet "Wuzozoptirr" {Contam rElec rF++
                  | Regen+ MP+9}
  9809 | Gauntlet | Identified the +6 war axe "Numohek" {pain, rCorr SInv}
  9809 | Gauntlet | Identified the +0 tower shield of the Five Seers {rF- rC+++
                  | rN+ Int+2 Dex-5}
  9809 | Gauntlet | Noticed a minotaur
  9832 | Gauntlet | Killed a minotaur
  9833 | Gauntlet | Reached XP level 13. HP: 73/73 MP: 4/14
  9841 | Gauntlet | Identified the +0 robe of Anluikhla {Archmagi}
  9913 | D:11     | Killed Urug
  9914 | D:11     | Reached skill level 11 in Fighting
 10127 | D:11     | Reached skill level 12 in Fighting
 10195 | D:11     | Noticed Gastronok
 10217 | D:11     | Killed Gastronok
 10440 | D:11     | Found a staircase to the Lair.
 10731 | D:12     | Reached skill level 13 in Fighting
 10795 | D:11     | HP: 3/77 [orc warrior/+0 dire flail[an orc knight] (6)]
 10934 | D:12     | Found a staircase to the Orcish Mines.
 10936 | D:12     | Found a transporter.
 10940 | D:12     | Noticed Anyutwal's ghost (journeyman HOFi)
 10996 | D:12     | Noticed a vampire knight
 11008 | D:12     | Found a shimmering altar of Xom.
 11179 | D:12     | Reached skill level 14 in Fighting
 11392 | D:12     | Found a transporter.
 11416 | D:12     | Reached XP level 14. HP: 84/84 MP: 5/15
 11766 | Lair:1   | Entered Level 1 of the Lair of Beasts
 11804 | Lair:1   | Found a frozen archway.
 11813 | IceCv    | Entered an ice cave
 11941 | IceCv    | Identified the +5 chain mail of the Fletcher {rPois rN+
                  | Slay-2 Stlth+}
 12106 | IceCv    | Reached skill level 15 in Fighting
 12286 | IceCv    | Reached skill level 10 in Throwing
 12382 | IceCv    | Received a gift from Trog
 12625 | IceCv    | Noticed a frost giant
 12644 | IceCv    | Killed a frost giant
 13166 | D:12     | Demolished by a vampire knight

Illustrated notes

Levels and vault maps discovered:
D:1:      scummos_arrival_checkerplants, layout_loops_ring
D:2:      layout_basic, minmay_tromino_v4_c
D:3:      layout_loops_ring, mainiacjoe_overflow_chevrons
D:4:      layout_basic, nicolae_uskayaw_suspiria, ebering_ghost_rock_garden,
          serial_shops, shop, cheibrodos_sewer_entry_sluice,
          kennysheep_generic_room_8, uniq_grinder, uniq_duvessa
D:5:      layout_loops_cross, chequers_temple_overflow_minitemple,
          gammafunk_ghost_split, serial_shops, nicolae_shop_real_fake_doors,
          shop, shop, nicolae_shop_bloodbath_and_beyond, nicolae_shop_crystal
D:6:      layout_rooms, minmay_temple_entry_arrows
D:7:      layout_rooms, grunt_dithmenos_shadows, enter_bailey_2
D:8:      layout_loops_ring, uniq_grum
D:9:      cheibrodos_ideogram_h, layout_rooms, amcnicky_altar_gilded,
          lightli_temple_of_fire, kennysheep_generic_room_10, uniq_maurice
D:10:     layout_basic, grunt_temple_overflow_gold_and_silver,
          nicolae_overflow_crystal_walls, serial_shops, shop,
          nicolae_shop_statue_plus, nicolae_stop_n_shop_2
D:11:     nzn_winding_woodlands_medium [nzn_winding_woodlands_5x5_default,
          nzn_winding_woodlands_5x15_eye,
          nzn_winding_woodlands_5x5_checkerboard,
          nzn_winding_woodlands_5x5_closed_star,
          nzn_winding_woodlands_center_garden, nzn_winding_woodlands_5x5_cross,
          nzn_winding_woodlands_5x5_default,
          nzn_winding_woodlands_5x15_longhouse,
          nzn_winding_woodlands_5x5_perimeter], layout_rooms,
          gauntlet_entry_generic, uniq_gastronok, uniq_urug
D:12:     layout_basic, orc_0_dummy, gammafunk_ghost_mausoleum,
          minmay_misc_feat_rugged, xom_confusion_cloud
Lair:1:   layout_regular_city, portal_ice_cave_entry_pillars_2, minivault_19,
          uniq_harold

Skill      XL: |  1  2  3  4  5  6  7  8  9 10 11 12 13 14 |
---------------+-------------------------------------------+-----
Short Blades   | 3 4 5 6 7 8 10 | 10.0
Fighting       | 3 4 5 6 7 9 10 14 15 | 15.4
Evocations     | 2 5 6 |  6.0
Armour         | 2 4 7 8 9 |  9.0
Shields        | 3 6 |  6.1
Throwing       | 2 5 9 10 | 10.9
Dodging        | |  1.5

Action                     |  1- 3 |  4- 6 |  7- 9 | 10-12 | 13-15 || total
---------------------------+-------+-------+-------+-------+-------++-------
  Melee: Dagger            |   143 |   202 |   246 |   584 |   766 ||  1941
         Bite              |    39 |    32 |    80 |   210 |   360 ||   721
         Punch             |       |     1 |     4 |     4 |       ||     9
  Throw: Stone             |       |       |       |   115 |       ||   115
         Dart              |       |       |       |     6 |    47 ||    53
         Boomerang         |       |       |       |       |    20 ||    20
         Javelin           |       |       |       |       |     1 ||     1
         Throwing net      |       |       |       |       |     1 ||     1
 Invoke: Berserk           |     1 |       |     3 |    10 |     9 ||    23
         Trog's Hand       |       |       |     3 |     6 |     8 ||    17
         Brothers in Arms  |       |       |     1 |     3 |     2 ||     6
  Evoke: Wand              |       |       |     4 |     3 |     4 ||    11
    Use: Scroll            |       |     4 |    16 |    10 |     6 ||    36
         Potion            |       |       |       |     1 |       ||     1
   Stab: Sleeping          |     1 |       |       |       |       ||     1
         Distracted        |       |       |       |       |     1 ||     1
 Armour: Animal skin       |    13 |    11 |       |       |       ||    24
         Ring mail         |       |    35 |     3 |       |       ||    38
         Plate armour      |       |       |    87 |     7 |       ||    94
         Gold dragon scale |       |       |       |   277 |   330 ||   607
  Dodge: Dodged            |    79 |   100 |    67 |    77 |    89 ||   412
  Block: Kite shield       |       |       |       |   197 |   223 ||   420
